TOP OF THE 1ST |
Chester Pirates batting - Pitching for York Revolution : LHP Eddie San Miguel
|
Pitching: LHP Eddie San Miguel
|
|
Batting: RHB Terrence Wilson
|
0-0: Ball 1-0: Swinging Strike 1-1: Ball 2-1: Ball 3-1: Swinging Strike 3-2: Strikes out swinging
|
Batting: RHB Tim Moore
|
0-0: Swinging Strike 0-1: Swinging Strike 0-2: Ball 1-2: Strikes out swinging, 2-3 out at first.
|
Batting: RHB Jeff Edwards
|
0-0: Ball 1-0: Foul Ball, location: 2F 1-1: Ball 2-1: Swinging Strike 2-2: Strikes out looking
|
Top of the 1st over - 0 runs, 0 hits, 0 errors, 0 left on base; Chester 0 - York 0 |
BOTTOM OF THE 1ST |
York Revolution batting - Pitching for Chester Pirates : LHP Ben Buerck
|
Pitching: LHP Ben Buerck
|
|
Batting: RHB Frank Ramirez
|
0-0: Called Strike 0-1: Ball 1-1: Foul Ball, location: 2F 1-2: Ground out 6-3 (Groundball, P, EV 77.5 MPH)
|
Batting: RHB Victor Arias
|
0-0: Ball 1-0: Called Strike 1-1: Ball 2-1: Called Strike 2-2: SINGLE (Line Drive, 9LS, EV 107.5 MPH)
|
Batting: LHB Joel Moore
|
0-0: Ball Wild Pitch! Victor Arias to second 1-0: Foul Ball, location: 2F 1-1: Ball 2-1: Ball 3-1: Base on Balls
|
Batting: SHB Brett St. Clair
|
0-0: Fly out, F8 (Flyball, 8LD, EV 106.9 MPH)
|
Batting: RHB Guan-pei Gao
|
0-0: Fielders Choice at 2nd, U4 (Groundball, 4M, EV 86.9 MPH)
|
Bottom of the 1st over - 0 runs, 1 hit, 0 errors, 2 left on base; Chester 0 - York 0 |
TOP OF THE 2ND |
Chester Pirates batting - Pitching for York Revolution : LHP Eddie San Miguel
|
Batting: LHB Josh Aerni
|
0-0: Ball 1-0: Called Strike 1-1: SINGLE (Groundball, 34D, EV 109.4 MPH)
|
Batting: RHB Frank Elizondo
|
0-0: Ball 1-0: Foul Ball, location: 2F 1-1: Called Strike 1-2: Strikes out swinging
|
Batting: LHB Dustin Herman
|
0-0: Swinging Strike 0-1: Swinging Strike 0-2: Ball 1-2: Ball 2-2: Strikes out swinging
|
Batting: RHB Dan Kurtz
|
0-0: Ball 1-0: Ball 2-0: Ball 3-0: Called Strike 3-1: Called Strike 3-2: Foul Ball, location: 2F 3-2: Foul Ball, location: 2F 3-2: Fly out, F9 (Flyball, 89XD, EV 104.4 MPH)
|
Top of the 2nd over - 0 runs, 1 hit, 0 errors, 1 left on base; Chester 0 - York 0 |
BOTTOM OF THE 2ND |
York Revolution batting - Pitching for Chester Pirates : LHP Ben Buerck
|
Batting: LHB Jesse Haught
|
0-0: Ball 1-0: Called Strike 1-1: Ball 2-1: Foul Ball, location: 2F 2-2: Ball 3-2: Strikes out looking
|
Batting: RHB Eddie Serna
|
0-0: Foul Ball, location: 2F 0-1: Ball 1-1: Ball 2-1: Ball 3-1: Called Strike 3-2: Strikes out looking
|
Batting: SHB Steve DeRienzo
|
0-0: Ball 1-0: Foul Ball, location: 2F 1-1: Ball 2-1: Foul Ball, location: 2F 2-2: Foul Ball, location: 2F 2-2: Foul Ball, location: 2F 2-2: Foul Ball, location: 2F 2-2: Foul Ball, location: 2F 2-2: Ball 3-2: Fly out, F6 (Flyball, 6MD, EV 87.5 MPH)
|
Bottom of the 2nd over - 0 runs, 0 hits, 0 errors, 0 left on base; Chester 0 - York 0 |
TOP OF THE 3RD |
Chester Pirates batting - Pitching for York Revolution : LHP Eddie San Miguel
|
Batting: RHB Erik Mulligan
|
0-0: Called Strike 0-1: Ball 1-1: Swinging Strike 1-2: Ball 2-2: Fly out, F7 (Line Drive, 7, EV 103.1 MPH)
|
Batting: LHB Chad Cutler
|
0-0: Foul Ball, location: 2F 0-1: Called Strike 0-2: Strikes out swinging
|
Batting: RHB Terrence Wilson
|
0-0: Ball 1-0: Foul Ball, location: 2F 1-1: Foul Ball, location: 2F 1-2: Strikes out looking
|
Top of the 3rd over - 0 runs, 0 hits, 0 errors, 0 left on base; Chester 0 - York 0 |
BOTTOM OF THE 3RD |
York Revolution batting - Pitching for Chester Pirates : LHP Ben Buerck
|
Batting: RHB Simon Mergeni
|
0-0: Foul Ball, location: 2F 0-1: Foul Ball, location: 2F 0-2: Strikes out looking
|
Batting: RHB Frank Ramirez
|
0-0: Fly out, F8 (Flyball, 8LM, EV 92.5 MPH)
|
Batting: RHB Victor Arias
|
0-0: Ball 1-0: Foul Ball, location: 2F 1-1: Foul Ball, location: 2F 1-2: Strikes out looking
|
Bottom of the 3rd over - 0 runs, 0 hits, 0 errors, 0 left on base; Chester 0 - York 0 |
TOP OF THE 4TH |
Chester Pirates batting - Pitching for York Revolution : LHP Eddie San Miguel
|
Batting: RHB Tim Moore
|
0-0: Called Strike 0-1: Ball 1-1: Called Strike 1-2: SINGLE (Flyball, 6MD, EV 81.9 MPH)
|
Batting: RHB Jeff Edwards
|
0-0: Ball 1-0: Called Strike 1-1: Ball 2-1: SINGLE (Flyball, 5D, EV 96.9 MPH) Tim Moore to second
|
Batting: LHB Josh Aerni
|
0-0: Called Strike 0-1: Ball 1-1: Called Strike 1-2: Foul Ball, location: 2F 1-2: Fielders Choice at 2nd, 4-6 (Groundball, 34, EV 101.2 MPH) Tim Moore to third
|
Batting: RHB Frank Elizondo
|
0-0: Ball 1-0: TRIPLE (Flyball, 9D, EV 104.4 MPH) Tim Moore scores Josh Aerni scores
|
Batting: LHB Dustin Herman
|
0-0: Foul Ball, location: 2F 0-1: Ball 1-1: Fly out, F8 (Flyball, 8RD, EV 94.4 MPH)
|
Batting: RHB Dan Kurtz
|
0-0: Called Strike 0-1: Ball 1-1: Ground out 1-3 (Groundball, P, EV 68.1 MPH)
|
Top of the 4th over - 2 runs, 3 hits, 0 errors, 1 left on base; Chester 2 - York 0 |
BOTTOM OF THE 4TH |
York Revolution batting - Pitching for Chester Pirates : LHP Ben Buerck
|
Batting: LHB Joel Moore
|
0-0: Foul Ball, location: 2F 0-1: Ball 1-1: Foul Ball, location: 2F 1-2: Ground out 6-3 (Groundball, 6, EV 105.6 MPH)
|
Batting: SHB Brett St. Clair
|
0-0: Called Strike 0-1: Ball 1-1: Ball 2-1: Foul Ball, location: 2F 2-2: SINGLE (Line Drive, 4MD, EV 96.2 MPH)
|
Batting: RHB Guan-pei Gao
|
0-0: Ball 1-0: Ball 2-0: DOUBLE (Line Drive, 9LM, EV 106.9 MPH) Brett St. Clair to third
|
Batting: LHB Jesse Haught
|
0-0: Called Strike 0-1: Ball 1-1: Called Strike 1-2: Ball 2-2: Ground out U3 (Groundball, 3, EV 86.2 MPH)
|
Batting: RHB Eddie Serna
|
0-0: Called Strike 0-1: Ball 1-1: Ball 2-1: Foul Ball, location: 2F 2-2: Ball 3-2: Strikes out swinging
|
Bottom of the 4th over - 0 runs, 2 hits, 0 errors, 2 left on base; Chester 2 - York 0 |
TOP OF THE 5TH |
Chester Pirates batting - Pitching for York Revolution : LHP Eddie San Miguel
|
Batting: RHB Erik Mulligan
|
0-0: Ball 1-0: Fly out, F9 (Flyball, 9, EV 92.5 MPH)
|
Batting: LHB Chad Cutler
|
0-0: Swinging Strike 0-1: Ball 1-1: Ball 2-1: Called Strike 2-2: SINGLE (Line Drive, 78M, EV 86.9 MPH)
|
Pitching: RHP Francisco Tejada
|
|
Batting: RHB Terrence Wilson
|
0-0: Ball Chad Cutler steals 2nd base 1-0: Ball 2-0: Ball 3-0: Base on Balls
|
Batting: RHB Tim Moore
|
0-0: Called Strike 0-1: Ball 1-1: Called Strike 1-2: Fly out, F8 (Flyball, 8RS, EV 95.0 MPH)
|
Batting: RHB Jeff Edwards
|
0-0: Called Strike 0-1: Swinging Strike 0-2: Ball 1-2: Ball 2-2: Strikes out looking
|
Top of the 5th over - 0 runs, 1 hit, 0 errors, 2 left on base; Chester 2 - York 0 |
BOTTOM OF THE 5TH |
York Revolution batting - Pitching for Chester Pirates : LHP Ben Buerck
|
Pitching: RHP Pat Hall
|
|
Batting: SHB Steve DeRienzo
|
0-0: Swinging Strike 0-1: Foul Ball, location: 2F 0-2: Foul Ball, location: 2F 0-2: Ball 1-2: Strikes out swinging
|
Batting: RHB Simon Mergeni
|
0-0: Called Strike 0-1: Ball 1-1: Ball 2-1: Called Strike 2-2: Foul Ball, location: 2F 2-2: Fly out, F8 (Line Drive, 8RM, EV 86.2 MPH)
|
Batting: RHB Frank Ramirez
|
0-0: Fly out, F8 (Flyball, 78D, EV 73.8 MPH)
|
Bottom of the 5th over - 0 runs, 0 hits, 0 errors, 0 left on base; Chester 2 - York 0 |
TOP OF THE 6TH |
Chester Pirates batting - Pitching for York Revolution : RHP Francisco Tejada
|
Batting: LHB Josh Aerni
|
0-0: Called Strike 0-1: Foul Ball, location: 2F 0-2: Foul Ball, location: 2F 0-2: Foul Ball, location: 2F 0-2: Ball 1-2: Ball 2-2: Reached on error, E3 (Groundball, 34S, EV 65.6 MPH)
|
Batting: RHB Frank Elizondo
|
0-0: Called Strike 0-1: Ball Josh Aerni steals 2nd base 1-1: Ball 2-1: Ball 3-1: Called Strike 3-2: Base on Balls
|
Batting: LHB Dustin Herman
|
0-0: Called Strike 0-1: Called Strike 0-2: Strikes out looking
|
Batting: RHB Dan Kurtz
|
0-0: Ball Josh Aerni steals 3rd base 1-0: Called Strike 1-1: Called Strike 1-2: Ball 2-2: Strikes out swinging
|
Batting: RHB Erik Mulligan
|
0-0: Swinging Strike 0-1: Ball 1-1: Foul Ball, location: 2F 1-2: Foul Ball, location: 2F 1-2: Strikes out looking
|
Top of the 6th over - 0 runs, 0 hits, 1 error, 2 left on base; Chester 2 - York 0 |
BOTTOM OF THE 6TH |
York Revolution batting - Pitching for Chester Pirates : RHP Pat Hall
|
Batting: RHB Victor Arias
|
0-0: Called Strike 0-1: Called Strike 0-2: Ball 1-2: Strikes out swinging
|
Batting: LHB Joel Moore
|
0-0: Foul Ball, location: 2F 0-1: Ball 1-1: Ball 2-1: Called Strike 2-2: Strikes out swinging
|
Pitching: RHP Tony Ortiz
|
|
Batting: SHB Brett St. Clair
|
0-0: Called Strike 0-1: Foul Ball, location: 2F 0-2: Strikes out swinging
|
Bottom of the 6th over - 0 runs, 0 hits, 0 errors, 0 left on base; Chester 2 - York 0 |
TOP OF THE 7TH |
Chester Pirates batting - Pitching for York Revolution : RHP Francisco Tejada
|
Pitching: LHP Hiroshi Mukae
|
|
Batting: LHB Chad Cutler
|
0-0: Fly out, F4 (Flyball, 34D, EV 88.1 MPH)
|
Batting: RHB Terrence Wilson
|
0-0: Called Strike 0-1: Ball 1-1: Swinging Strike 1-2: Ball 2-2: Strikes out swinging
|
Batting: RHB Tim Moore
|
0-0: Swinging Strike 0-1: Called Strike 0-2: Ball 1-2: Foul Ball, location: 2F 1-2: Foul Ball, location: 2F 1-2: Ball 2-2: Ball 3-2: Strikes out swinging
|
Top of the 7th over - 0 runs, 0 hits, 0 errors, 0 left on base; Chester 2 - York 0 |
BOTTOM OF THE 7TH |
York Revolution batting - Pitching for Chester Pirates : RHP Tony Ortiz
|
Now at 1B: Dustin Herman
|
|
Now in LF: Melvin Durland
|
|
Now in CF: Terrence Wilson
|
|
Now in RF: Jeff Edwards
|
|
Batting: RHB Guan-pei Gao
|
0-0: Foul Ball, location: 2F 0-1: Ball 1-1: Ball 2-1: Ball 3-1: Swinging Strike 3-2: Strikes out swinging
|
Batting: LHB Jesse Haught
|
0-0: Foul Ball, location: 2F 0-1: Called Strike 0-2: Ball 1-2: Foul Ball, location: 2F 1-2: Fly out, F8 (Flyball, 8RM, EV 85.0 MPH)
|
Batting: RHB Eddie Serna
|
0-0: Called Strike 0-1: Foul Ball, location: 2F 0-2: Ball 1-2: Ball 2-2: Ball 3-2: Strikes out looking
|
Bottom of the 7th over - 0 runs, 0 hits, 0 errors, 0 left on base; Chester 2 - York 0 |
TOP OF THE 8TH |
Chester Pirates batting - Pitching for York Revolution : LHP Hiroshi Mukae
|
Pitching: RHP Victor Hurtado
|
|
Batting: RHB Jeff Edwards
|
0-0: Called Strike 0-1: Ball 1-1: Swinging Strike 1-2: Strikes out swinging
|
Batting: RHB Melvin Durland
|
0-0: Ball 1-0: Ball 2-0: Foul Ball, location: 2F 2-1: Fly out, F9 (Line Drive, 9D, EV 90.6 MPH)
|
Batting: RHB Frank Elizondo
|
0-0: Called Strike 0-1: Foul Ball, location: 2F 0-2: Strikes out swinging
|
Top of the 8th over - 0 runs, 0 hits, 0 errors, 0 left on base; Chester 2 - York 0 |
BOTTOM OF THE 8TH |
York Revolution batting - Pitching for Chester Pirates : RHP Tony Ortiz
|
Pitching: RHP Bill Gomez
|
|
Batting: SHB Steve DeRienzo
|
0-0: Ball 1-0: Ball 2-0: Ground out 4-3 (Groundball, 4, EV 85.0 MPH)
|
Batting: RHB Simon Mergeni
|
0-0: Fly out, F7 (Line Drive, 7, EV 96.9 MPH)
|
Batting: RHB Frank Ramirez
|
0-0: Ground out 6-3 (Groundball, 6, EV 106.2 MPH)
|
Bottom of the 8th over - 0 runs, 0 hits, 0 errors, 0 left on base; Chester 2 - York 0 |
TOP OF THE 9TH |
Chester Pirates batting - Pitching for York Revolution : RHP Victor Hurtado
|
Batting: LHB Dustin Herman
|
0-0: Called Strike 0-1: Ball 1-1: Ball 2-1: SINGLE (Line Drive, 9S, EV 108.1 MPH)
|
Batting: RHB Dan Kurtz
|
0-0: Swinging Strike 0-1: Foul Ball, location: 2F 0-2: Ball 1-2: Strikes out swinging
|
Pinch Hitting: LHB Carlos Vega
|
0-0: SINGLE (Groundball, 25, EV 74.4 MPH) (infield hit) Dustin Herman to second
|
Batting: LHB Chad Cutler
|
0-0: Called Strike 0-1: Foul Ball, location: 2F 0-2: Foul Ball, location: 2F 0-2: Foul Ball, location: 2F 0-2: Strikes out swinging
|
Batting: RHB Terrence Wilson
|
0-0: Foul Ball, location: 2F 0-1: Foul Ball, location: 2F 0-2: Ball 1-2: Strikes out swinging
|
Top of the 9th over - 0 runs, 2 hits, 0 errors, 2 left on base; Chester 2 - York 0 |
BOTTOM OF THE 9TH |
York Revolution batting - Pitching for Chester Pirates : RHP Bill Gomez
|
Now at 2B: Alex Arzate
|
|
Batting: RHB Victor Arias
|
0-0: Called Strike 0-1: Ground out 4-3 (Groundball, 4D, EV 103.1 MPH)
|
Batting: LHB Joel Moore
|
0-0: Ball 1-0: Ball 2-0: Ball 3-0: Base on Balls
|
Batting: SHB Brett St. Clair
|
0-0: Ball 1-0: Ball 2-0: Foul Ball, location: 2F 2-1: Ball 3-1: Swinging Strike 3-2: DOUBLE (Flyball, 8RXD, EV 113.8 MPH) Joel Moore to third
|
Pinch Hitting: LHB Rich Kuehne
|
0-0: Ball 1-0: DOUBLE (Groundball, 5L, EV 111.9 MPH) Joel Moore scores Brett St. Clair scores
|
Batting: LHB Jesse Haught
|
0-0: Intentional Walk
|
Batting: RHB Eddie Serna
|
0-0: Fielders Choice at 2nd, 3-6 (Groundball, 13, EV 76.9 MPH) Rich Kuehne to third
|
Batting: SHB Steve DeRienzo
|
0-0: Swinging Strike 0-1: Ball 1-1: Ball 2-1: Swinging Strike 2-2: Ball Eddie Serna steals 2nd base (no throw) 3-2: Base on Balls
|
Pinch Hitting: SHB Dana Guthrie
|
0-0: Ball 1-0: Ball 2-0: Ball 3-0: Called Strike 3-1: Called Strike 3-2: GRAND SLAM HOME RUN (Flyball, 9LD, EV 97.5 MPH), Distance : 334 ft
|
Bottom of the 9th over - 6 runs, 3 hits, 0 errors, 0 left on base; Chester 2 - York 6 |
|
Game Over ... York defeats Chester, 6 to 2
|
|
|